 Dungeon Crawl Stone Soup version 0.27.1-2-g3b301248ec (webtiles) character file.

Game seed: 12016000337464110572

975 Cykl0x the Slasher (level 7, -2/61 HPs)
             Began as a Minotaur Fighter on Sept 30, 2021.
             Slain by a hornet (3 damage)
             ... on level 9 of the Dungeon.
             The game lasted 00:05:48 (2999 turns).

Cykl0x the Slasher (Minotaur Fighter)               Turns: 2999, Time: 00:05:55

Health: -2/61      AC:  7    Str: 22    XL:     7   Next: 95%
Magic:  6/6        EV:  8    Int:  5    God:
Gold:   257        SH: 10    Dex: 10    Spells: 6/6 levels left

rFire    . . .     SeeInvis .   a - +1 long sword
rCold    . . .     Faith    .   c - +0 kite shield
rNeg     . . .     Spirit   .   b - +0 scale mail
rPois    .         Reflect  .   (helmet restricted)
rElec    .         Harm     .   (no cloak)
rCorr    .         Rampage  .   (no gloves)
Will     +....                  (no boots)
Stlth    ..........             h - amulet of regeneration
HPRegen  1.20/turn              o - ring of willpower
MPRegen  0.10/turn              (no ring)

@: brilliant, flying, slowed, very slow
A: horns 2, retaliatory headbutt, mutation resistance 1
a: no special abilities


You were on level 9 of the Dungeon.
You visited 1 branch of the dungeon, and saw 7 of its levels.

You collected 257 gold pieces.

Inventory:

Hand Weapons
 a - a +1 long sword (weapon)
 n - a +0 rapier
 u - the +8 dagger of Zujuhuu {spect, rF++}
   (You found it on level 5 of the Dungeon)

   When its wielder attacks, the weapon's spirit leaps out and strikes again.
   The spirit shares a part of any damage it takes with its wielder.
   rF:        It greatly protects you from fire.
Missiles
 f - 111 stones
 g - 6 javelins (quivered)
Armour
 b - a +0 scale mail (worn)
 c - a +0 kite shield (worn)
Jewellery
 e - a ring of ice
 h - an amulet of regeneration (around neck)
 o - a ring of willpower (left hand)
Wands
 r - a wand of digging (4)
 t - a wand of flame (13)
Scrolls
 d - 2 scrolls of enchant weapon
 q - a scroll of fog
 w - a scroll of teleportation
Potions
 i - a potion of lignification
 k - a potion of magic
 l - 2 potions of flight
 m - a potion of brilliance
 p - a potion of experience {unknown}
 s - 3 potions of curing {unknown}
 v - a potion of haste {unknown}


   Skills:
 + Level 5.5 Fighting
 + Level 6.4 Long Blades
 + Level 3.3 Throwing
 + Level 5.9 Armour
 + Level 1.9 Dodging
 + Level 5.3 Shields
 + Level 1.0 Evocations


You had 6 spell levels left.
You didn't know any spells.
Your spell library was empty.

Dungeon Overview and Level Annotations

Branches:
Dungeon (6/15)
 Temple: D:4-7

Altars:
Dithmenos
Kikubaaqudgha
Nemelex Xobeh
Ru

Annotations:
D:4 Natasha


Innate Abilities, Weirdness & Mutations

You have a pair of horns on your head.
You reflexively headbutt those who attack you in melee.
You are somewhat resistant to further mutation.


Message History

The shaft crumbles and collapses.
A hornet comes into view.
The hornet buzzes angrily.
The hornet stings you!
You are poisoned.
You feel yourself slow down.
You barely miss the hornet. Your headbutt misses the hornet.
You feel yourself speed up.
You feel very sick. The hornet stings you!
You feel yourself slow down. The hornet stings you!
You feel as though you will be slow longer.
The hornet stings you!
* * * LOW HITPOINT WARNING * * *
You feel as though you will be slow longer.
It was a potion of magic.
Magic courses through your body.
You feel sick. The hornet stings you.
* * * LOW HITPOINT WARNING * * *
You feel as though you will be slow longer.
You block the hornet's attack.
It was a potion of flight.
You feel very buoyant.
You fly up into the air.
You feel sick. The hornet barely misses you. You furiously retaliate!
You headbutt the hornet. The hornet stings you.
* * * LOW HITPOINT WARNING * * *
You feel as though you will be slow longer.
The hornet stings you!
* * * LOW HITPOINT WARNING * * *
You feel as though you will be slow longer.
It was a potion of brilliance.
You feel clever all of a sudden.
You feel sick. You block the hornet's attack. The hornet stings you.
* * * LOW HITPOINT WARNING * * *
You feel as though you will be slow longer.
It was a potion of mutation.
You feel extremely strange.
You feel genetically stable.
* * * LOW HITPOINT WARNING * * *
You feel sick.
You are no longer poisoned.
You block the hornet's attack. The hornet stings you.
You die...

...........
.y.....#.# .
........# ..
....#..#..#
..###...## ..#..#..#
##+###........
#.............
#.@y.....##...
#.####...# #.#
#.......
+.####.......
####+###.............
.....................
.........#...........
.........#.......#..
#####....#......


You could see a hornet.

Vanquished Creatures
  A sky beast (D:5)
  2 black bears
  An ogre (D:5)
  A phantom (D:5)
  A scorpion (D:5)
  A bullfrog zombie (D:5)
  A centaur zombie (D:5)
  A centaur skeleton (D:4)
  A gnoll shaman (D:5)
  4 hounds
  An orc wizard (D:4)
  Natasha (D:4)
  2 hound skeletons (D:4)
  5 gnolls (D:5)
  2 adders
  An ufetubus (D:4)
  2 worms
  4 dart slugs
  7 orcs (D:4)
  8 ball pythons
  7 bats
  7 endoplasms
  2 giant cockroaches
  5 goblins
  4 hobgoblins (D:1)
  5 jackals
  2 quokkas
  2 frilled lizards
  6 kobolds
  3 rats
90 creatures vanquished.

Notes
Turn   | Place    | Note
-------+----------+-------------------------------------------
     0 | D:1      | Cykl0x the Minotaur Fighter began the quest for the Orb.
     0 | D:1      | Reached XP level 1. HP: 19/19 MP: 0/0
   143 | D:1      | Reached XP level 2. HP: 25/27 MP: 1/1
   233 | D:1      | Found a faded altar of an unknown god.
   490 | D:1      | Reached XP level 3. HP: 33/33 MP: 2/2
   614 | D:1      | Reached skill level 3 in Long Blades
  1354 | D:4      | Found a sacrificial altar of Ru.
  1374 | D:4      | Reached XP level 4. HP: 40/40 MP: 3/3
  1419 | D:4      | Noticed a black bear
  1427 | D:4      | Killed a black bear
  1428 | D:4      | Reached skill level 4 in Long Blades
  1428 | D:4      | Reached skill level 1 in Throwing
  1428 | D:4      | Reached XP level 5. HP: 42/47 MP: 4/4
  1506 | D:4      | Reached skill level 1 in Dodging
  1723 | D:4      | Noticed Natasha
  1730 | D:4      | Killed Natasha
  1731 | D:4      | Reached XP level 6. HP: 49/53 MP: 5/5
  1762 | D:4      | Reached skill level 5 in Long Blades
  1870 | D:3      | Found a sparkling altar of Nemelex Xobeh.
  1933 | D:3      | Found an ancient bone altar of Kikubaaqudgha.
  2051 | D:4      | Found a shadowy altar of Dithmenos.
  2194 | D:4      | Noticed Natasha
  2195 | D:5      | Entered Level 5 of the Dungeon
  2238 | D:5      | Reached skill level 5 in Armour
  2271 | D:5      | Reached skill level 5 in Fighting
  2304 | D:5      | Reached XP level 7. HP: 61/61 MP: 6/6
  2310 | D:5      | Reached skill level 5 in Shields
  2395 | D:5      | Reached skill level 6 in Long Blades
  2418 | D:5      | Reached skill level 1 in Evocations
  2517 | D:5      | Identified the +8 dagger of Zujuhuu {spect, rF++}
  2975 | D:6      | You fall into a shaft and drop 3 floors!
  2988 | D:9      | Noticed a hornet
  2998 | D:9      | HP: 1/61 [hornet (4)]
  2999 | D:9      | Gained mutation: You are somewhat resistant to further
                  | mutation. [potion of mutation]
  2999 | D:9      | Slain by a hornet

Illustrated notes

Levels and vault maps discovered:
D:1:      sevenhm_arrival_forest_fort_large_2, layout_rooms,
          chequers_ecumenical_altar_simple
D:2:      layout_rooms
D:3:      layout_basic, kiku_gazebo_pond_becter, nemelex_diamond_rough_becter
D:4:      layout_cave_pools, nicolae_dithmenos_through_a_glass_darkly,
          nicolae_ru_path_of_blood, uniq_natasha
D:5:      layout_basic
D:6:      layout_basic, lemuel_mausoleum_altar_yredelemnul, marbit_many_paths,
          kennysheep_mini_moat, nicolae_ossuary_entry_giza,
          portal_sewer_entry_d, minmay_joined_circles
D:9:      layout_stronghold, grunt_temple_overflow_order_and_chaos_2,
          minmay_misc_feat_x, minmay_strange_pillars,
          nicolae_straight_to_the_point

Skill      XL: |  1  2  3  4  5  6  7 |
---------------+----------------------+-----
Fighting       | 4 5 |  5.5
Armour         | 4 5 |  5.9
Shields        | 4 5 |  5.3
Long Blades    | 3 4 5 6 |  6.4
Throwing       | 1 3 |  3.3
Dodging        | 1 |  1.9
Evocations     | 1 |  1.0

Action                   |  1- 3 |  4- 6 |  7- 9 || total
-------------------------+-------+-------+-------++-------
Melee: Long sword        |    96 |    69 |    22 ||   187
       Headbutt          |    20 |    14 |     8 ||    42
Throw: Stone             |    29 |    18 |     6 ||    53
       Javelin           |       |    17 |     8 ||    25
Evoke: Wand              |       |       |     1 ||     1
  Use: Scroll            |     4 |     2 |       ||     6
       Potion            |       |     2 |     4 ||     6
Armor: Scale mail        |    62 |    31 |     9 ||   102
       Skin              |       |    12 |     2 ||    14
Dodge: Dodged            |    25 |    31 |     9 ||    65
Block: Kite shield       |    55 |    52 |    12 ||   119
       Rpst.: Long sword |     8 |    10 |     3 ||    21
